 Seeded DCSS version 0.30.1-9-gdf580d7c3d (webtiles) character file.

Game seed: 9106806156630997546 (custom seed)

147 Psyclone the Conjurer (level 5, 25/28 HPs)
             Began as a Deep Elf Conjurer on Oct 9, 2023.
             Was an Initiate of Gozag.
             Quit the game in the Ecumenical Temple.
             The game lasted 00:07:23 (850 turns).

Psyclone the Conjurer (Deep Elf Conjurer)            Turns: 850, Time: 00:07:24

Health: 25/28      AC:  2    Str:  4    XL:     5   Next: 7%
Magic:  4/11       EV: 12    Int: 25    God:    Gozag
Gold:   55         SH:  0    Dex: 13    Spells: 7/10 levels left

rFire   . . .        c - +0 dagger
rCold   . . .        (no shield)
rNeg    . . .        a - +0 robe
rPois   .            (no helmet)
rElec   .            (no cloak)
rCorr   .            (no gloves)
SInv    .            (no boots)
Will    .....        (no amulet)
Stlth   ++           (no ring)
HPRegen 0.24/turn    (no ring)
MPRegen 0.12/turn

%: no passive effects
@: no status effects
A: no striking features
a: Renounce Religion, Potion Petition, Call Merchant, Bribe Branch


You were in the Ecumenical Temple.
You worshipped Gozag.
Gozag was noncommittal.
You visited 2 branches of the dungeon, and saw 6 of its levels.

You collected 142 gold pieces.
You paid 87 gold pieces to Gozag.

Inventory:

Hand Weapons
 c - a +0 dagger (weapon)
Armour
 a - a +0 robe (worn)
Scrolls
 e - a scroll of blinking {unknown}
 i - a scroll of poison {unknown}
 j - a scroll of enchant armour {unknown}
Potions
 b - a potion of magic
 d - 3 potions of curing {unknown}
 f - a potion of haste {unknown}
 g - a potion of brilliance {unknown}
 h - a potion of might {unknown}
 k - a potion of attraction {unknown}
 l - a potion of degeneration {unknown}


   Skills:
 - Level 2.4 Dodging
 - Level 2.4 Stealth
 - Level 3.0 Spellcasting
 + Level 7.0 Conjurations


You had 7 spell levels left.
You knew the following spells:

 Your Spells              Type           Power      Damage    Failure   Level
a - Magic Dart            Conj           100%       1d8       1%          1
b - Searing Ray           Conj           78%        2d7       1%          2

Your spell library contained the following spells:

 Spells                   Type           Power      Damage    Failure   Level
 Dazzling Flash           Conj/Hex       42%        N/A       7%          3
 Fulminant Prism          Conj/Hex       10%        3d9       24%         4
 Iskenderun's Mystic Bla  Conj/Tloc      21%        2d6       24%         4


Dungeon Overview and Level Annotations

Branches:
Dungeon (5/15) Zot: 26789  Temple (1/1) D:5 Zot: 5976

Altars:
Dithmenos
Gozag
Hepliaklqana
Okawaru
Ru
Sif Muna
Trog
Uskayaw
Xom
Yredelemnul


Message History

Things that are here:
a +0 trident; a +0 leather armour You see here an adder corpse.
Things that are here:
a +0 trident; a +0 leather armour You start resting.
You hear the rusting of a very distant drain.
Found a staircase to the Ecumenical Temple.
There is a fountain of clear blue water here.
An orc and 2 yaks come into view.
The orc moves out of view.
The yak moves out of view.
A yak comes into view. x2
The yak bellows!
You hear a bellow!
The yak bellows!
A yak comes into view.
The yak bellows! x2
There is a staircase to the Ecumenical Temple here.
The yak bellows!
You climb downwards.
Welcome to the Ecumenical Temple!
Found four altars.
There is a staircase back to the Dungeon here.
Found an opulent altar of Gozag.
Found a shadowy altar of Dithmenos.
You enter the shallow water.
Moving in this stuff is going to be slow.
Found an iron altar of Okawaru.
You enter the shallow water.
Moving in this stuff is going to be slow.
Found a sacrificial altar of Ru.
Found a hide-covered altar of Uskayaw.
You enter the shallow water.
Moving in this stuff is going to be slow.
Found a hazy altar of Hepliaklqana.
There is an opulent altar of Gozag here.
You kneel at the altar of Gozag.
Gozag welcomes you!
You pay a service fee of 87 gold.
You enter the shallow water.
Moving in this stuff is going to be slow.
There is a staircase back to the Dungeon here.
Unknown command.
Are you sure you want to abandon this character and quit the game? (Confirm with "yes".)

♣≈≈.♣...♣..~~~..~~~~~~~
≈~~.♣.....~~..~.~.~~~~.
~~.....~..♣~._.........
≈...~....♣♣........~_..
.~...♣....~..♣♣.......~
....§.§..._..♣........~
._.......~§.♣.._.......
..§~.......♣♣.....~.♣.
..♣♣...@....♣..~.....
♣.♣♣........~~~. ..
~.♣....♣.~~~~~
~.~_..~♣♣.....~~
~~...§~ .~~♣♣♣~~
≈~≈~... ≈♣♣ ♣~ ~≈≈≈~≈≈
♣♣ ≈≈≈≈≈≈♣


There were no monsters in sight!

Vanquished Creatures
  A scorpion (D:5)
  Jessica (D:2)
  Natasha (D:3)
  An adder (D:5)
  A worm (D:2)
  2 dart slugs
  2 orcs (D:5)
  2 bats
  An endoplasm (D:4)
  2 goblins (D:1)
  A hobgoblin (D:4)
  3 jackals (D:2)
  A kobold (D:4)
  A ball python (D:2)
  A frilled lizard (D:1)
21 creatures vanquished.

Notes
Turn   | Place    | Note
-------+----------+-------------------------------------------
     0 | D:1      | Psyclone the Deep Elf Conjurer began the quest for the Orb.
     0 | D:1      | Reached XP level 1. HP: 10/10 MP: 6/6
   187 | D:2      | Reached XP level 2. HP: 10/15 MP: 0/8
   275 | D:2      | Learned a level 2 spell: Searing Ray
   287 | D:2      | Reached skill level 5 in Conjurations
   366 | D:2      | Noticed Jessica
   373 | D:2      | Killed Jessica
   374 | D:2      | Reached XP level 3. HP: 19/19 MP: 2/9
   507 | D:3      | Noticed Natasha
   512 | D:3      | Killed Natasha
   513 | D:3      | Reached skill level 6 in Conjurations
   513 | D:3      | Reached XP level 4. HP: 14/24 MP: 3/10
   618 | D:5      | Entered Level 5 of the Dungeon
   696 | D:5      | Noticed a scorpion
   708 | D:5      | Killed a scorpion
   795 | D:5      | Noticed a yak
   808 | D:5      | Reached skill level 7 in Conjurations
   808 | D:5      | Reached XP level 5. HP: 28/28 MP: 4/11
   822 | D:5      | Found a staircase to the Ecumenical Temple.
   825 | D:5      | Noticed a yak
   825 | D:5      | Noticed a yak
   826 | D:5      | Noticed a yak
   826 | D:5      | Noticed a yak
   827 | D:5      | Noticed a yak
   829 | Temple   | Entered the Ecumenical Temple
   840 | Temple   | Became a worshipper of Gozag Ym Sagoz the Greedy
   850 | Temple   | Quit the game

Illustrated notes

Levels and vault maps discovered:
D:1:      onia_arrival_mini_spirals, layout_loops_ring, serial_shops, shop
D:2:      layout_rooms, basic_altar, reono_crystal_passage, minmay_tetromino_l2,
          uniq_robin, uniq_jessica, uniq_crazy_yiuf_cottage
D:3:      layout_loops_ring, uniq_sigmund, uniq_natasha
D:4:      layout_rooms, ebering_ghost_sewer_d, nicolae_take_the_stairs,
          grunt_ministairs_6, ebering_dispersal_statue_hall,
          minmay_ogre_servants
D:5:      nicolae_cairo_tiling_large, layout_basic, slow_altar_2,
          minmay_temple_entry_junction_2, portal_sewer_entry_b
Temple:   nicolae_temple_bog_church

Skill      XL: |  1  2  3  4 |
---------------+-------------+-----
Conjurations   | 5 6 7 |  7.0
Dodging        | |  2.4
Stealth        | |  2.4
Spellcasting   | |  3.0

Action                     |  1- 3 |  4- 6 || total
---------------------------+-------+-------++-------
  Melee: Dagger            |    10 |     4 ||    14
   Cast: Magic Dart        |    23 |     7 ||    30
         Searing Ray       |     3 |     5 ||     8
 Armour: Robe              |     4 |     3 ||     7
  Dodge: Dodged            |    13 |     7 ||    20
